 Dungeon Crawl Stone Soup version 0.30-a0-748-ge6a52f7cba (webtiles) character file.

Game seed: 7429841829266404064

5 Esekla the Sneak (level 1, -1/16 HPs)
             Began as an Octopode Delver on Feb 8, 2023.
             Was an Initiate of Gozag.
             Slain by a scorpion (2 damage)
             ... on level 4 of the Dungeon.
             The game lasted 00:04:35 (470 turns).

Esekla the Sneak (Octopode Delver)                   Turns: 470, Time: 00:04:35

Health: -1/16      AC:  1    Str: 11    XL:     1   Next: 80%
Magic:  10/10      EV: 13    Int: 12    God:    Gozag
Gold:   8          SH:  0    Dex: 13    Spells: 0/0 levels left

rFire   . . .      SeeInvis .    a - +0 falchion
rCold   . . .      Faith    .    (no shield)
rNeg    . . .      Spirit   .    (helmet restricted)
rPois   .          Reflect  .    (no amulet)
rElec   .          Harm     .    d - ring of magical power
rCorr   .          Rampage  .    (no ring)
Will    .....                    (no ring)
Stlth   ++++                     (no ring)
HPRegen 0.22/turn                (no ring)
MPRegen 0.12/turn                (no ring)
                                 (no ring)
                                 (no ring)

@: lethally poisoned (-1 -> -6), hasted (expiring), very quick
A: almost no armour, amphibious, 8 rings, camouflage 1, gelatinous body 1,
(nimble swimmer 1), tentacles
a: Renounce Religion, Potion Petition, Call Merchant, Bribe Branch


You were on level 4 of the Dungeon.
You worshipped Gozag.
Gozag was noncommittal.
You visited 2 branches of the dungeon, and saw 3 of its levels.

You collected 17 gold pieces.
You paid 9 gold pieces to Gozag.

Inventory:

Hand Weapons
 a - a +0 falchion (weapon)
 c - a +0 spear
Armour
 h - a +0 buckler
Jewellery
 d - a ring of magical power (left tentacle)
Wands
 f - a wand of digging (3)
 g - a wand of flame (30)
Scrolls
 b - a scroll of fog
 j - 2 scrolls of teleportation {unknown}
Potions
 e - a potion of haste
 i - a potion of curing {unknown}
 k - a potion of flight {unknown}


   Skills:
 + Level 3.0 Fighting
 + Level 2.0 Long Blades
 + Level 2.0 Dodging
 + Level 6.9 Stealth


You couldn't memorise any spells.
You didn't know any spells.
Your spell library was empty.

Dungeon Overview and Level Annotations

Branches:
Dungeon (5/15)             Temple (1/1) D:5

Altars:
Gozag
Zin

Annotations:
D:5 exclusion: oklob sapling


Innate Abilities, Weirdness & Mutations

You cannot wear most types of armour.
You are amphibious.
You can wear up to eight rings at the same time.
Your skin changes colour to match your surroundings (Stealth+).
Your rubbery body absorbs attacks. (AC +1, EV +1)
((You are camouflaged when in or above water. (Stealth+)))
You have tentacles for arms and can constrict up to eight enemies at once.


Message History

You miss the ufetubus. You grab the ufetubus.
The ufetubus is moderately wounded.
You constrict the ufetubus, but do no damage.
The ufetubus closely misses you. The ufetubus completely misses you.
You hit the ufetubus but do no damage. You squeeze the ufetubus.
You kill the ufetubus!
The gnoll bouda barks out a call to the hunt!
The gnoll picks up the pace!
A gnoll comes into view. It is wielding a +0 whip.
A gnoll comes into view. It is wielding a +0 flail.
A gnoll comes into view. It is wielding a +0 flail.
The gnoll is distracted by your dazzling golden aura.
You see here a +0 leather armour.
There is an escape hatch in the ceiling here.
A mysterious force pulls you upwards. The hatch slams shut behind you.
You see here a stone.
A worm comes into view.
Your extra speed is starting to run out.
You hit the scorpion but do no damage. Your grab misses the scorpion.
The sentinel's mark upon you fades away.
The scorpion stings you!
Ouch! That really hurt!
You are lethally poisoned!
The scorpion poisons you!
You completely miss the scorpion. You grab the scorpion.
You constrict the scorpion, but do no damage.
* * * LOW HITPOINT WARNING * * *
You feel very sick. The scorpion stings you.
* * * LOW HITPOINT WARNING * * *
You hit the scorpion but do no damage.
You constrict the scorpion, but do no damage.
* * * LOW HITPOINT WARNING * * *
You feel sick.
You hit the scorpion.
The scorpion is moderately wounded.
You constrict the scorpion.
* * * LOW HITPOINT WARNING * * *
You feel sick. The scorpion misses you. The scorpion stings you.
You die...
Your body crumbles into a pile of gold.

# .#
##########.####
#.....@s.......
#######.......#
#g......#
#####...w...#
#...........#
#.(..........
#..g........#
#............
#.....#.S....


You could see a worm, a scorpion and a goblin.

Vanquished Creatures
  An ufetubus (D:5)
1 creature vanquished.

Vanquished Creatures (others)
  11 plants (D:5)
11 creatures vanquished.

Grand Total: 12 creatures vanquished

Notes
Turn   | Place    | Note
-------+----------+-------------------------------------------
     0 | D:5      | Esekla the Octopode Delver began the quest for the Orb.
     0 | D:5      | Reached XP level 1. HP: 16/16 MP: 1/1
    16 | D:5      | Noticed an iguana
    48 | D:5      | Noticed an iguana
    55 | D:5      | Noticed an ice beast
    59 | D:5      | Found a staircase to the Ecumenical Temple.
    60 | D:5      | Noticed an oklob sapling
   183 | D:5      | Noticed a hound
   287 | D:5      | Noticed a jelly
   337 | Temple   | Entered the Ecumenical Temple
   394 | Temple   | Became a worshipper of Gozag Ym Sagoz the Greedy
   422 | D:5      | Noticed a gnoll bouda
   460 | D:4      | Noticed a scorpion
   470 | D:4      | Slain by a scorpion

Illustrated notes

Levels and vault maps discovered:
D:4:      layout_basic, old_standard_altar, overflow_temple_1_default,
          gammafunk_temple_overflow_wave, minmay_shop_grid_forest
D:5:      layout_loops_ring, minmay_temple_entry_oklob, nrook_uturn
Temple:   grunt_temple_mini_profane

Action                     || total
---------------------------++-------
  Melee: Falchion          ||     8
         Constrict         ||     2
         Tentacles         ||     2
    Use: Scroll            ||     2
         Potion            ||     1
  Dodge: Dodged            ||    11

Table legend: (Time is in decaauts)
 A = Elapsed time spent in this place.
 B = Non-inter-level travel time spent in this place.
 C = Inter-level travel time spent in this place.
 D = Time resting spent in this place.
 E = Time spent auto-exploring this place.
 F = Levels seen in this place.
 G = Mean time per level.
                   A        B        C        D        E       F      G
               +--------+--------+--------+--------+--------+-----+--------+
         Total |    454 |    454 |      0 |      0 |     49 |   3 |  151.3 |
       Dungeon |    370 |    370 |      0 |      0 |      0 |   2 |  185.0 |
        Temple |     83 |     83 |      0 |      0 |     49 |   1 |   83.0 |
               +--------+--------+--------+--------+--------+-----+--------+

Top non-repeatable levels by time:
     D:5: 363 daAuts
  Temple: 83 daAuts
     D:4: 7 daAuts
